Map: 블루시프트 - 래더

Players

JinairRogue (Rogue) - Winner!

  • Race: Zerg Zerg
  • League: Master
  • Spawn Location: 7:00

llllllllllll (Trap)

  • Race: Protoss Protoss
  • League: Master
  • Spawn Location: 1:00

Event: IEM Season 13 - Katowice Server Qualifiers Asia 1

VOD

Have the link to the VOD?

Description

Time

  • Played on: Jan. 14, 2019, 9:14 a.m.
  • Length: 18:04

All games in this series

Show
View Real Time Build Order
Export as new Build Order

JinairRogue Zerg - Winner!

Build Orders: Hatch First, Brood Lord Corruptor, Swarm Host 

Get SALT Encoding   

  12  0:00  Drone  
  13  0:08  Drone  
  14  0:16  Overlord  
  14  0:22  Extractor, Drone  
  15  0:43  Hatchery  
  15  0:46  Drone  
  15  0:50  Drone  
  15  0:54  Drone  
  17  0:57  Drone  
  18  1:08  Extractor  
  17  1:13  Spawning Pool  
  17  1:16  Drone  
  17  1:21  Drone  
  18  1:31  Drone  
  19  1:41  Drone  
  20  1:52  Drone  
  21  1:59  Hatchery  
  21  2:00  Queen  
  22  2:03  Drone  
  22  2:08  Drone  
  24  2:11  Drone  
  26  2:15  Drone  
  26  2:18  Overlord  
  26  2:28  Zergling x4  
  26  2:29  Metabolic Boost  
  28  2:36  Queen  
  30  2:39  Zergling x2  
  31  2:45  Queen  
  31  2:48  Drone  
  31  2:49  Drone  
  35  2:51  Drone  
  36  3:11  Overlord  
  36  3:12  Queen, Drone  
  39  3:13  Drone x3  
  42  3:25  Overlord  
  42  3:28  Queen  
  42  3:32  Drone x4  
  48  3:36  Overlord  
  48  3:44  Zergling x2  
  48  3:45  Zergling x2  
  48  3:47  Spore Crawler  
  49  3:48  Spore Crawler  
  49  3:50  Drone  
  49  3:51  Drone  
  50  3:56  Overlord  
  50  3:57  Drone x3  
  50  3:58  Drone x2  
  55  4:03  Drone x2  
  55  4:07  Overlord  
  57  4:15  Drone  
  58  4:19  Overlord  
  58  4:22  Roach Warren  
  58  4:23  Lair  
  57  4:25  Zergling x6  
  57  4:27  Drone  
  61  4:32  Drone x3  
  61  4:35  Drone x2  
  61  4:37  Drone  
  67  4:39  Extractor x2  
  67  4:43  Drone x4  
  67  4:45  Spore Crawler  
  68  4:49  Drone x2  
  68  4:50  Drone  
  69  4:58  Overlord  
  69  4:59  Overlord  
  69  5:05  Overlord  
  68  5:09  Roach x2  
  68  5:10  Extractor  
  68  5:11  Overlord  
  68  5:13  Roach  
  73  5:18  Drone  
  73  5:19  Drone x7  
  81  5:23  Glial Reconstitution  
  81  5:25  Overlord  
  81  5:32  Drone x2  
  81  5:33  Drone  
  84  5:37  Spore Crawler  
  84  5:38  Spore Crawler, Spire  
  84  5:40  Evolution Chamber  
  84  5:42  Drone  
  79  5:43  Drone x4  
  83  5:50  Drone  
  83  5:51  Spore Crawler, Drone x3  
  86  5:57  Extractor  
  86  6:03  Drone x7  
  92  6:04  Extractor  
  91  6:12  Zerg Missile Weapons Level 1  
  91  6:15  Zergling x16  
  99  6:25  Overlord x2  
  97  6:40  Hatchery  
  97  6:42  Overlord x3  
  93  6:50  Drone  
  93  6:51  Drone x2  
  92  6:54  Corruptor x7  
  92  6:59  Zerg Flyer Armor Level 1  
  105  7:06  Corruptor  
  105  7:08  Drone  
  103  7:09  Zergling x8  
  103  7:13  Corruptor  
  108  7:15  Overlord  
  105  7:24  Corruptor  
  105  7:25  Corruptor  
  108  7:34  Infestation Pit  
  107  7:37  Drone x5  
  107  7:39  Hatchery  
  109  8:06  Spore Crawler  
  109  8:12  Zerg Missile Weapons Level 2  
  107  8:20  Swarm Host x7  
  107  8:24  Extractor  
  107  8:25  Extractor  
  107  8:26  Queen  
  128  8:30  Zergling x2  
  128  8:31  Zergling x40  
  149  8:34  Swarm Host  
  149  8:35  Swarm Host  
  149  8:36  Overlord  
  149  8:37  Overlord  
  149  8:38  Overlord  
  155  8:49  Overlord x2  
  155  8:50  Overlord  
  155  9:02  Swarm Host x6  
  167  9:03  Swarm Host  
  167  9:05  Overlord x2  
  175  9:17  Roach x10  
  195  9:28  Hive  
  195  9:33  Roach x2  
  198  9:44  Roach x5  
  198  9:45  Roach x7  
  199  10:06  Overseer  
  199  10:14  Overlord  
  199  10:27  Ravager  
  199  10:28  Spine Crawler x2  
  196  10:29  Spine Crawler, Ravager x3  
  196  10:30  Ravager  
  196  10:31  Spine Crawler  
  196  10:33  Spine Crawler  
  196  10:35  Spine Crawler  
  196  10:37  Roach x2, Spine Crawler  
  196  10:48  Roach  
  196  10:55  Roach x2  
  193  11:17  Ravager x4  
  197  11:19  Greater Spire  
  195  11:27  Roach x2  
  199  11:38  Hatchery  
  194  11:40  Roach x3  
  197  11:49  Roach  
  182  11:57  Roach x8  
  182  11:58  Roach x7  
  194  12:03  Roach  
  194  12:04  Roach x2  
  185  12:11  Roach x7  
  199  12:17  Ravager  
  196  12:23  Ravager x2  
  196  12:24  Overlord, Ravager x2  
  182  12:39  Brood Lord x7  
  182  12:43  Corruptor x3  
  198  12:46  Zerg Flyer Weapons Level 1  
  200  12:53  Overseer  
  198  12:58  Hatchery  
  179  13:06  Roach x10  
  179  13:11  Corruptor  
  182  13:27  Corruptor x2  
  186  13:35  Drone x4  
  190  13:45  Drone x8  
  198  13:54  Corruptor  
  192  14:05  Corruptor x2  
  192  14:13  Corruptor x2  
  190  14:20  Corruptor  
  184  14:26  Corruptor x2  
  188  14:32  Corruptor  
  186  14:48  Corruptor x2  
  186  14:52  Ravager x3  
  193  14:53  Ravager x2  
  193  14:55  Hatchery  
  194  15:03  Corruptor  
  194  15:31  Corruptor  
  194  15:32  Corruptor x2  
  198  15:54  Corruptor  
  198  15:55  Corruptor  
  192  16:05  Roach  
  192  16:06  Roach x3  
  196  16:20  Drone x4  
  200  16:25  Spore Crawler x2  
  200  16:26  Spore Crawler  
  200  16:27  Spore Crawler x2  
  200  16:32  Corruptor x2  
  195  16:37  Drone  
  200  16:41  Overseer x4  
  200  16:50  Evolution Chamber x3  
  195  17:04  Roach x4  
Show
View Real Time Build Order
Export as new Build Order

llllllllllll Protoss 

Build Orders: 1 Gate Expand, Oracle Opening, Phoenix Opening, Chargelot Immortal, Mass Phoenix 

Get SALT Encoding   

  12  0:00  Probe  
  13  0:12  Probe  
  14  0:19  Pylon  
  14  0:24  Probe  
  15  0:33  Probe  
  15  0:41  Probe  
  16  0:43  Gateway  
  17  0:51  Probe  
  17  0:52  Assimilator  
  18  1:03  Probe  
  19  1:15  Probe  
  20  1:25  Nexus  
  20  1:35  Cybernetics Core  
  20  1:37  Probe  
  21  1:43  Assimilator  
  21  1:49  Probe  
  21  1:54  Pylon  
  22  2:01  Probe  
  22  2:03  Adept  
  23  2:13  Probe  
  26  2:17  Stargate  
  26  2:25  Probe  
  26  2:26  Warp Gate  
  26  2:29  Adept  
  27  2:33  Probe x2  
  30  2:41  Probe  
  30  2:42  Probe  
  33  2:52  Probe  
  33  2:53  Probe, Phoenix  
  33  2:57  Adept  
  39  3:06  Probe x2  
  39  3:09  Pylon  
  41  3:18  Oracle, Probe x2  
  46  3:30  Probe x2  
  46  3:31  Gateway  
  48  3:37  Assimilator  
  48  3:38  Probe  
  48  3:41  Assimilator  
  48  3:42  Probe  
  48  3:46  Probe  
  50  3:54  Stargate  
  50  3:55  Probe, Pylon  
  52  3:57  Probe  
  52  3:59  Pylon  
  53  4:07  Probe  
  54  4:13  Probe, Phoenix  
  57  4:22  Probe  
  58  4:26  Probe  
  58  4:29  Adept x2  
  63  4:34  Pylon  
  63  4:39  Phoenix x2  
  67  4:54  Nexus  
  67  4:55  Phoenix x2  
  67  4:58  Shield Battery  
  68  5:00  Probe x2  
  73  5:13  Sentry x2  
  78  5:21  Probe  
  78  5:28  Pylon  
  78  5:29  Protoss Air Weapons Level 1  
  78  5:30  Pylon  
  78  5:31  Shield Battery  
  78  5:37  Robotics Facility  
  78  5:40  Robotics Facility  
  78  5:46  Probe x2, Phoenix  
  82  5:53  Phoenix, Pylon  
  82  5:54  Pylon  
  84  5:58  Probe x2  
  86  6:10  Probe, Zealot x2  
  91  6:12  Probe x2  
  93  6:22  Probe  
  93  6:23  Immortal  
  93  6:24  Probe x2  
  96  6:26  Observer  
  96  6:30  Phoenix x2  
  100  6:33  Assimilator  
  100  6:34  Assimilator  
  100  6:35  Probe  
  100  6:36  Pylon  
  100  6:39  Twilight Council  
  106  6:41  Forge  
  106  6:44  Probe x2  
  106  6:47  Probe  
  109  6:53  Zealot x2  
  103  6:59  Probe x3  
  105  7:07  Gateway  
  105  7:09  Immortal  
  105  7:10  Gateway  
  105  7:11  Gateway  
  105  7:12  Protoss Ground Weapons Level 1  
  105  7:30  Gateway  
  105  7:31  Gateway  
  105  7:32  Charge  
  105  7:33  Gateway, Shield Battery  
  105  7:38  Templar Archives  
  105  7:40  Immortal  
  109  7:47  Zealot  
  109  7:48  Immortal  
  115  7:51  Stalker  
  115  7:56  Psionic Storm  
  117  8:03  Stalker  
  117  8:08  Stalker  
  117  8:09  Stalker x2  
  123  8:13  Photon Cannon  
  123  8:19  Stalker  
  125  8:26  Pylon  
  125  8:28  High Templar  
  125  8:29  High Templar, Photon Cannon x2, Pylon  
  125  8:30  Pylon  
  125  8:31  Pylon  
  125  8:34  High Templar  
  131  8:37  Shield Battery  
  131  8:43  High Templar  
  131  8:46  Warp Prism, Immortal  
  139  8:55  Pylon  
  139  8:56  Pylon  
  139  8:58  Pylon  
  139  9:06  High Templar x2  
  139  9:07  Protoss Ground Weapons Level 2  
  141  9:13  Zealot x5  
  141  9:16  Photon Cannon  
  151  9:18  High Templar, Photon Cannon  
  153  9:39  Zealot  
  151  9:47  High Templar x2  
  151  9:52  Cybernetics Core  
  153  9:57  Nexus  
  153  9:58  Pylon  
  153  10:02  Zealot x2  
  153  10:03  Zealot x4  
  153  10:05  Fleet Beacon  
  165  10:09  Observer  
  165  10:11  Immortal  
  168  10:32  Nexus  
  164  10:37  Photon Cannon  
  164  10:39  Photon Cannon  
  164  10:42  Stalker x2  
  158  11:09  Warp Prism, High Templar x2  
  158  11:10  High Templar x2, Zealot x4  
  172  11:16  Archon x2  
  163  11:48  Zealot x5  
  146  12:09  High Templar x3  
  146  12:10  High Templar, Zealot x4  
  146  12:14  Archon  
  146  12:15  Archon  
  162  12:21  Immortal x2  
  156  12:39  High Templar x2  
  148  12:46  High Templar  
  148  12:50  Assimilator  
  150  12:51  Assimilator  
  150  12:53  Pylon  
  150  12:55  High Templar  
  152  12:59  Zealot x4  
  152  13:01  Tempest  
  152  13:03  Tempest  
  141  13:35  Tempest  
  141  13:38  Tempest  
  139  13:47  Nexus  
  129  14:07  Stalker  
  129  14:08  High Templar x2, Zealot x2, Stalker x2  
  129  14:09  Zealot  
  139  14:16  Tempest  
  119  14:24  Observer  
  109  14:41  High Templar x2  
  109  14:42  Void Ray, Zealot x4  
  121  14:51  Void Ray  
  125  14:55  Immortal x2  
  134  15:11  Zealot x2  
  134  15:12  Zealot x2  
  134  15:13  Zealot  
  134  15:14  Zealot  
  146  15:19  Observer  
  146  15:20  Void Ray  
  146  15:21  Assimilator  
  146  15:26  Void Ray  
  142  15:28  Assimilator  
  149  15:51  Void Ray, Pylon  
  145  16:09  Void Ray  
  145  16:26  Void Ray  
  149  16:41  Zealot x3  
  155  16:52  Void Ray  
  151  16:55  Zealot x3  
  145  17:07  Stalker  
  145  17:08  Stalker x2  
  96  17:44  Stalker x6  

Tags
 
Add a new tag
Caveats
  • Supply blocks, unpowered buildings, or Contaminate may cause inaccurate times.
  • Supply counts are checked every 10 seconds.